 Dungeon Crawl Stone Soup version 0.29-a0-72-g1732ff48e7 (webtiles) character file.

Game seed: 14784535350881938599

1 HallandMoats the Skirmisher (level 1, 0/11 HPs)
             Began as a Vine Stalker Fighter on Feb 3, 2022.
             Frozen to death by an endoplasm (4 damage)
             ... on level 1 of the Dungeon.
             The game lasted 00:00:32 (104 turns).

HallandMoats the Skirmisher (Vine Stalker Fighter)   Turns: 104, Time: 00:00:33

Health: 0/11       AC:  6    Str: 18    XL:     1   Next: 20%
Magic:  0/2        EV:  9    Int:  8    God:
Gold:   14         SH:  4    Dex: 13    Spells: 0/0 levels left

rFire   . . .      SeeInvis .   a - +0 trident
rCold   . . .      Faith    .   c - +0 buckler
rNeg    . . .      Spirit   +   b - +0 scale mail
rPois   .          Reflect  .   (no helmet)
rElec   .          Harm     .   (no cloak)
rCorr   .          Rampage  .   (no gloves)
Will    .....                   (no boots)
Stlth   ..........              (no amulet)
HPRegen 0.03/turn               (no ring)
MPRegen 0.08/turn               (no ring)

@: no status effects
A: fangs 2, magic shield, antimagic bite, no potion heal 2
a: no special abilities


You were on level 1 of the Dungeon.
You visited 1 branch of the dungeon, and saw 1 of its levels.

You collected 14 gold pieces.

Inventory:

Hand Weapons
 a - a +0 trident (weapon)
Armour
 b - a +0 scale mail (worn)
 c - a +0 buckler (worn)
 e - a scarf of harm
Scrolls
 f - a scroll of identify {unknown}
Potions
 d - a potion of might


   Skills:
 * Level 2.7 Fighting
 * Level 1.8 Polearms
 + Level 2.4 Armour
 + Level 0.0 Dodging
 + Level 2.7 Shields
 * Level 0.1 Invocations


You couldn't memorise any spells.
You didn't know any spells.
Your spell library was empty.

Dungeon Overview and Level Annotations

Branches:
Dungeon (1/15)

Altars:


Innate Abilities, Weirdness & Mutations

You have extremely sharp teeth.
When hurt, damage is shared between your health and your magic reserves.
Your bite disrupts and absorbs the magic of your enemies.
Potions cannot restore your health.


Message History

The frilled lizard moves out of view.
You reach to attack!
You closely miss the hobgoblin.
A kobold comes into view. It is wielding a +0 dagger of venom.
You hit the hobgoblin but do no damage. You block the hobgoblin's attack.
You barely miss the hobgoblin. The hobgoblin hits you. x2
The frilled lizard bites you but does no damage.
The hobgoblin hits you but does no damage.
The frilled lizard barely misses you. The hobgoblin hits you.
You hit the hobgoblin.
The hobgoblin is moderately wounded.
The frilled lizard bites you but does no damage.
The hobgoblin hits you but does no damage. x2
You block the hobgoblin's attack.
A goblin comes into view. It is wielding a +0 club.
The goblin shouts!
Found 24 stones.
Found a glowing scarf.
You block the frilled lizard's attack.
Found a scroll labelled MEGECEAJOR.
A goblin comes into view. It is wielding a +0 dagger.
Found 21 sling bullets.
A giant cockroach comes into view.
The giant cockroach closely misses you. You block the goblin's attack.
The giant cockroach bites you.
The hobgoblin hits you but does no damage.
You see here a scarf of harm.
e - a scarf of harm The giant cockroach barely misses you.
The hobgoblin completely misses you. You block the goblin's attack.
You see here a scroll labelled MEGECEAJOR.
f - a scroll labelled MEGECEAJOR The giant cockroach bites you but does no damage.
The hobgoblin barely misses you. You block the giant cockroach's attack.
An endoplasm comes into view.
The endoplasm freezes you.
You are frozen.
An endoplasm comes into view.
The kobold hits you but does no damage. The endoplasm freezes you.
You are frozen.
You die...

...................#
...................#
.J.................#####
........................
.................####.##
........Bl..####.# #.##
......g.g...# #.# ....
.......gKg..####.# #...
######.@J.......g# ....
........########K####.##
........# #..(##...
........# ####.#.##.##
..###.... ........g.g..
. ##.#. .####.####... #.
. .......... .. #.
###..###### #.. #


You could see 2 endoplasms, a giant cockroach, 2 hobgoblins, 2 goblins, a kobold
and a frilled lizard.

Vanquished Creatures
  2 ball pythons (D:1)
2 creatures vanquished.

Notes
Turn   | Place    | Note
-------+----------+-------------------------------------------
     0 | D:1      | HallandMoats the Vine Stalker Fighter began the quest for
                  | the Orb.
     0 | D:1      | Reached XP level 1. HP: 11/11 MP: 2/2
   104 | D:1      | Frozen to death by an endoplasm

Illustrated notes

Levels and vault maps discovered:
D:1:      dpeg_arrival_tiny_k, layout_basic, lemuel_another_geyser

Action                   || total
-------------------------++-------
Melee: Trident           ||     6
Armor: Scale mail        ||     8
Dodge: Dodged            ||     5
Block: Buckler           ||     6

Table legend: (Time is in decaauts)
 A = Elapsed time spent in this place.
 B = Non-inter-level travel time spent in this place.
 C = Inter-level travel time spent in this place.
 D = Time resting spent in this place.
 E = Time spent auto-exploring this place.
 F = Levels seen in this place.
 G = Mean time per level.
                   A        B        C        D        E       F      G
               +--------+--------+--------+--------+--------+-----+--------+
         Total |    105 |    105 |      0 |      0 |     59 |   1 |  105.0 |
       Dungeon |    105 |    105 |      0 |      0 |     59 |   1 |  105.0 |
               +--------+--------+--------+--------+--------+-----+--------+

Top non-repeatable levels by time:
     D:1: 105 daAuts
